 Dungeon Crawl Stone Soup version 0.25-a0-294-gea9b1ad378 (webtiles) character file.

Game seed: 17304769392982616249, levelgen mode: classic

308 Borgoz the Chopper (level 6, -4/52 HPs)
             Began as a Hill Orc Berserker on Dec 16, 2019.
             Was a Believer of Trog.
             Killed by divine providence
             ... invoked by an orc priest
              (14 damage)
             ... on level 6 of the Dungeon.
             The game lasted 00:04:05 (2525 turns).

Borgoz the Chopper (Hill Orc Berserker)             Turns: 2525, Time: 00:04:05

Health: -4/52      AC:  8    Str: 20    XL:     6   Next: 40%
Magic:  6/6        EV: 18    Int:  7    God:    Trog [**....]
Gold:   115        SH:  0    Dex: 17    Spells: 5/5 levels left

rFire    . . .     SeeInvis .   a - +0 hand axe
rCold    . . .     Gourm    .   (no shield)
rNeg     . . .     Faith    .   i - +3 leather armour {MR+}
rPois    .         Spirit   .   (no helmet)
rElec    .         Reflect  .   (no cloak)
rCorr    .         Harm     .   (no gloves)
MR       +....                  n - +1 pair of boots
Stlth    ++........             (no amulet)
HPRegen  0.17/turn              (no ring)
MPRegen  0.10/turn              (no ring)

@: agile
A: no striking features
a: Berserk, Trog's Hand, Renounce Religion, Convert to Beogh


You were on level 6 of the Dungeon.
You worshipped Trog.
Trog was pleased with you.
You were hungry.

You visited 1 branch of the dungeon, and saw 5 of its levels.

You collected 115 gold pieces.

Inventory:

Hand Weapons
 a - a +0 hand axe (weapon)
Armour
 h - a +0 scale mail
 i - a +3 leather armour of magic resistance (worn)
 n - a +1 pair of boots (worn)
Scrolls
 f - a scroll of enchant armour {unknown}
 j - a scroll of teleportation {unknown}
 l - a scroll of noise {unknown}
 o - a scroll of amnesia {unknown}
 q - 2 scrolls of remove curse {unknown}
Potions
 g - 2 potions of resistance
 k - a potion of degeneration {unknown}
 m - a potion of curing {unknown}
Comestibles
 b - a chunk of flesh
 c - 5 rations


   Skills:
 - Level 3.8 Fighting
 * Level 6.5 Axes
 * Level 4.7 Armour
 + Level 2.7 Dodging


You had 5 spell levels left.
You didn't know any spells.
Your spell library was empty.

Dungeon Overview and Level Annotations

Branches:
Dungeon (4/15)
 Temple: D:4-7

Altars:
Xom

Shops:
D:4 [


Message History

The orc warrior hits you with a +0 flail!
You hit the orc warrior but do no damage.
The orc warrior closely misses you.
You hit the orc warrior but do no damage.
You hit the orc priest but do no damage.
The orc priest closely misses you.
The orc warrior hits you with a +0 flail.
You feel agile all of a sudden.
You are feeling hungry.
An orc priest comes into view. It is wielding a -1 flail.
The orc priest invokes the aid of Beogh against you.
Pain shoots through your body!
* * * LOW HITPOINT WARNING * * *
Okay, then.
As you read the scroll labeled AVAOWUAHES, it crumbles to dust.
The scroll dissolves into smoke.
It was a scroll of fog.
The orc warrior misses you.
The orc priest invokes the aid of Beogh against you.
Beogh smites you!
You die...

##.# ...###### #
......... #.
#........ #o.
#........
#.o##........
#...§o.§..>.. ###
#oo...... ###..
###@§......
#...###§§§§......
#...##.§#........
#...##.##........
#...##......#####
#.............
#...##......###
#)..############
#...# ≈#.##


You could see an orc warrior and 2 orc priests.

Vanquished Creatures
  Eustachio (D:6)
  A worker ant (D:6)
  6 adders
  An ooze (D:3)
  An adder skeleton (D:3)
  4 worms
  A dart slug (D:1)
  5 leopard geckos
  6 orcs
  2 giant cockroaches
  8 goblins
  6 hobgoblins
  5 jackals (D:1)
  2 kobolds
  2 quokkas (D:2)
  A ball python zombie (D:3)
  7 bats
  3 frilled lizards
  A leopard gecko zombie (D:3)
  3 rats
66 creatures vanquished.

Notes
Turn   | Place    | Note
-------+----------+-------------------------------------------
     0 | D:1      | Borgoz the Hill Orc Berserker began the quest for the Orb.
     0 | D:1      | Reached XP level 1. HP: 19/19 MP: 1/1
   171 | D:1      | Reached XP level 2. HP: 27/27 MP: 2/2
   637 | D:1      | Reached XP level 3. HP: 31/33 MP: 3/3
  1263 | D:2      | Reached skill level 5 in Axes
  1263 | D:2      | Reached XP level 4. HP: 28/40 MP: 4/4
  1478 | D:2      | Reached ** piety under Trog
  2004 | D:3      | Reached XP level 5. HP: 39/46 MP: 5/5
  2369 | D:4      | Found Hohysk's Antique Armour Shoppe.
  2416 | D:4      | You fall into a shaft and drop 2 floors!
  2416 | D:6      | Found a shimmering altar of Xom.
  2417 | D:6      | Noticed an ice beast
  2463 | D:6      | Noticed Eustachio
  2488 | D:6      | Killed Eustachio
  2488 | D:6      | Reached skill level 6 in Axes
  2488 | D:6      | Reached XP level 6. HP: 27/52 MP: 6/6
  2520 | D:6      | Noticed an orc warrior
  2525 | D:6      | Killed from afar by an orc priest

Levels and vault maps discovered:
D:1:      elethiomel_arrival_infinity_welcomes_careful_drivers, layout_rooms
D:2:      layout_basic, first_ration, minmay_tripent
D:3:      layout_basic, serial_undead, serial_undead_f, serial_undead_e,
          serial_undead_b, serial_undead_c, serial_undead_b
D:4:      cheibrodos_greedy_goblins, layout_loops_ring, serial_shops,
          kennysheep_little_box
D:6:      layout_rooms, tgw_xom, uniq_eustachio, uniq_crazy_yiuf_cottage,
          uniq_grinder, uniq_edmund, uniq_pikel

Skill      XL: |  1  2  3  4  5 |
---------------+----------------+-----
Armour         | 3 4 |  4.7
Dodging        | 2 |  2.7
Axes           | 5 6 |  6.5
Fighting       | |  3.8

Action                   |  1- 3 |  4- 6 || total
-------------------------+-------+-------++-------
Melee: Hand axe          |   102 |   159 ||   261
  Use: Scroll            |     3 |     2 ||     5
       Potion            |       |     4 ||     4
  Eat: Chunk             |     1 |     4 ||     5
Armor: Animal skin       |     8 |       ||     8
       Scale mail        |    30 |    65 ||    95
Dodge: Dodged            |    63 |   133 ||   196

Table legend:
 A = Non-vault XP
 B = Vault XP
 C = Vault XP percentage of total XP
 D = Non-vault monster count
 E = Vault monster count
 F = Vault count percentage of total count
                 A         B        C        D         E       F
            +---------+---------+-------+---------+---------+-------
      Total |     199 |     242 |  54.9 |      57 |       9 |  13.6
            +---------+---------+-------+---------+---------+-------
        D:1 |      34 |       0 |   0.0 |      16 |       0 |   0.0
        D:2 |      84 |       3 |   3.4 |      17 |       2 |  10.5
        D:3 |      73 |       7 |   8.8 |      22 |       3 |  12.0
        D:4 |       5 |       0 |   0.0 |       1 |       0 |   0.0
        D:6 |       3 |     232 |  98.7 |       1 |       4 |  80.0
            +---------+---------+-------+---------+---------+-------
